 Dungeon Crawl Stone Soup version 0.28-a0-1080-g05a166d0ed (webtiles) character file.

Game seed: 6381561248518687681

17 ytrimaz the Insei (level 2, 0/18 HPs)
             Began as an Octopode Transmuter on Dec 9, 2021.
             Was a Believer of Ru.
             Slain by a ball python (1 damage)
             ... on level 1 of the Dungeon.
             The game lasted 00:01:05 (398 turns).

ytrimaz the Insei (Octopode Transmuter)              Turns: 398, Time: 00:01:06

Health: 0/18       AC:  1    Str:  9    XL:     2   Next: 62%
Magic:  5/5        EV: 13    Int: 15    God:    Ru [**....]
Gold:   21         SH:  0    Dex: 12    Spells: 4/5 levels left

rFire   . . .      SeeInvis .     - Unarmed
rCold   . . .      Faith    .   (no shield)
rNeg    . . .      Spirit   .   (helmet restricted)
rPois   .          Reflect  .   (no amulet)
rElec   .          Harm     .   (no ring)
rCorr   .          Rampage  .   (no ring)
Will    .....                   (no ring)
Stlth   +++.......              (no ring)
HPRegen 0.06/turn               (no ring)
MPRegen 0.09/turn               (no ring)
                                (no ring)
                                (no ring)

@: mighty
A: almost no armour, amphibious, 8 rings, camouflage 1, gelatinous body 1,
inability to use devices, nimble swimmer 1, tentacles
a: Renounce Religion


You were on level 1 of the Dungeon.
You worshipped Ru.
Ru was pleased with you.
You visited 1 branch of the dungeon, and saw 1 of its levels.

You collected 21 gold pieces.

You aren't carrying anything.


   Skills:
 * Level 1.3 Fighting
 - Level 2.0 Dodging
 + Level 3.3 Unarmed Combat
 * Level 2.2 Spellcasting
 * Level 2.2 Transmutations


You had 4 spell levels left.
You knew the following spells:

 Your Spells              Type           Power      Damage    Failure   Level
a - Beastly Appendage     Tmut           16%        N/A       9%          1

Your spell library contained the following spells:

 Spells                   Type           Power      Damage    Failure   Level
 Wereblood                Tmut           8%         N/A       13%         2
 Animate Skeleton         Necr           2%         N/A       22%         1
 Apportation              Tloc           2%         N/A       22%         1
 Summon Small Mammal      Summ           4%         N/A       22%         1
 Spider Form              Tmut/Pois      4%         N/A       38%         3
 Ice Form                 Ice/Tmut       4%         N/A       80%         4


Dungeon Overview and Level Annotations

Branches:
Dungeon (1/15)

Altars:
Ru


Innate Abilities, Weirdness & Mutations

You cannot wear most types of armour.
You are amphibious.
You can wear up to eight rings at the same time.
Your skin changes colour to match your surroundings (Stealth+).
Your rubbery body absorbs attacks. (AC +1, EV +1)
You cannot study or use magical devices.
You are camouflaged near water. (Stealth+)
You have tentacles for arms and can constrict up to eight enemies at once.


Message History

The bat closely misses itself.
The ball python closely misses you. The ball python grabs you.
The ball python constricts you.
You barely miss the ball python. Your grab misses the ball python.
You squeeze the ball python.
The ball python is severely wounded.
The bat hits you. The endoplasm misses you. The ball python barely misses you.
The ball python constricts you.
You barely miss the ball python. You grab the ball python.
You squeeze the ball python.
You kill the ball python!
The bat hits you but does no damage. The bat hits you. The endoplasm hits you.
You focus your inner power and illuminate the endoplasm in retribution!
You tentacle-slap the ball python. Your grab misses the ball python.
The ball python is moderately wounded.
The bat closely misses you. The ball python bites you.
The ball python closely misses you. The endoplasm freezes you.
You are frozen.
You are too injured to fight recklessly!
Unknown command.
You are too injured to fight recklessly!
Unknown command.
You are too injured to fight recklessly!
You tentacle-slap the endoplasm but do no damage.
The ball python bites you. The ball python grabs you.
The ball python constricts you.
* * * LOW HITPOINT WARNING * * *
You focus your inner power and blind the ball python in retribution!
The endoplasm freezes you.
You are frozen.
* * * LOW HITPOINT WARNING * * *
The bat closely misses you.
You escape the ball python's grasp.
The bat hits you but does no damage. The bat closely misses you.
You barely miss the bat. Your grab misses the bat. The bat misses you.
The ball python closely misses you.
It was a potion of might.
You feel very mighty all of a sudden. The bat barely misses you.
The ball python bites you.
You die...

...................#
#.##...............#
..##...............#
##.................######
.....)†...............≈#≈
##.....................≈.
##...........#.#.........
.................≈.......
#...........#...@S.......
#..............b.J.(.....
###..#..###.......†.≈≈≈≈≈
##...............≈≈####
.........≈.....≈##
......#≈.$..≈#
......≈.....≈#
............≈#
.#.?.......≈≈


You could see an endoplasm (corona), a bat and a ball python (blind).

Vanquished Creatures
  A dart slug (D:1)
  2 bats (D:1)
  3 endoplasms (D:1)
  A goblin (D:1)
  A hobgoblin (D:1)
  3 ball pythons (D:1)
  2 kobolds (D:1)
  A rat (D:1)
14 creatures vanquished.

Notes
Turn   | Place    | Note
-------+----------+-------------------------------------------
     0 | D:1      | ytrimaz the Octopode Transmuter began the quest for the
                  | Orb.
     0 | D:1      | Reached XP level 1. HP: 13/13 MP: 3/3
    15 | D:1      | Found a faded altar of an unknown god.
    28 | D:1      | Prayed at the altar of an unknown god.
    28 | D:1      | Became a worshipper of Ru the Awakened
    52 | D:1      | Gained mutation: You cannot study or use magical devices.
                  | [Ru sacrifice]
    52 | D:1      | Reached * piety under Ru
    52 | D:1      | Reached ** piety under Ru
    79 | D:1      | Reached XP level 2. HP: 7/18 MP: 5/5
   398 | D:1      | Slain by a ball python

Illustrated notes

Levels and vault maps discovered:
D:1:      dpeg_arrival_ratfight, layout_rooms, basic_ecumenical_altar,
          serial_shops, shop, kennysheep_decorative_pillar

Action                   || total
-------------------------++-------
Melee: Unarmed           ||    35
       Constrict         ||    10
       Tentacles         ||     8
       Kick              ||     1
 Cast: Beastly Appendage ||     1
Invok: Sacrifice Artific ||     1
  Use: Potion            ||     1
 Stab: Sleeping          ||     2
       Distracted        ||     1
Armor: Skin              ||     8
Dodge: Dodged            ||    38

Table legend: (Time is in decaauts)
 A = Elapsed time spent in this place.
 B = Non-inter-level travel time spent in this place.
 C = Inter-level travel time spent in this place.
 D = Time resting spent in this place.
 E = Time spent auto-exploring this place.
 F = Levels seen in this place.
 G = Mean time per level.
                   A        B        C        D        E       F      G
               +--------+--------+--------+--------+--------+-----+--------+
         Total |    395 |    395 |      0 |      0 |    261 |   1 |  395.0 |
       Dungeon |    395 |    395 |      0 |      0 |    261 |   1 |  395.0 |
               +--------+--------+--------+--------+--------+-----+--------+

Top non-repeatable levels by time:
     D:1: 395 daAuts
